AoeStats
← GORGORY

Arabia

509237074Analyzed
1v1 RM · 6d ago on Sep 26, 2026· 26m 55s· 2 players
Game mode
Random Map
Map size
Tiny (2 player)
Population
200
Speed
Normal
Resources
Standard
Victory
Conquest
Starting age
Dark Age
Ending age
Imperial Age
RankedLock teamsTeams togetherTeam positionsShared explorationLock speedFull tech treeHidden civsTurbo modeCheats
Victory
Defeat
🇭🇰 Spanish · Hong Kong SAR China
985
+16
🇦🇷 Magyars · Argentina
978
-16
GORGORY
6:28 Loom
9:39 Feudal Age
10:05 Double-Bit Axe
10:31 Horse Collar
15:26 Wheelbarrow
19:42 Castle Age
18:41 Scale Barding Armor
18:55 Stone Mining
21:28 Town Watch
22:06 Gold Mining
23:40 Fervor
27:22 Ballistics
KenC
6:27 Loom
9:31 Feudal Age
10:03 Double-Bit Axe
17:55 Wheelbarrow
20:32 Castle Age
19:31 Horse Collar
20:13 Bloodlines
20:13 Gold Mining
21:35 Hand Cart
22:08 Husbandry
22:36 Bow Saw
23:04 Town Watch
Connection lost

Rejoining the realm…

Still unreachable

The connection could not be restored.

Session expired

The server has moved on; the page needs a fresh start.